 Dungeon Crawl Stone Soup version 0.31-a0-859-g9dce7d3444 (webtiles) character file.

Game seed: 8446005056467527087

656 TheGamechu the Trooper (level 7, -8/53 (56) HPs)
             Began as a Demonspawn Fighter on Oct 9, 2023.
             Killed by divine providence
             ... invoked by an orc priest
              (15 damage)
             ... on level 5 of the Dungeon.
             The game lasted 00:07:00 (3433 turns).

TheGamechu the Trooper (Demonspawn Fighter)         Turns: 3433, Time: 00:07:00

HP:   -8/53 (56)    AC:  9    Str: 23    XL:     7   Next: 29%
MP:   7/7           EV:  8    Int:  9    God:
Gold: 204           SH:  5    Dex: 14    Spells: 6/6 levels left

rFire   . . .        a - +0 trident
rCold   . . .        c - +0 buckler
rNeg    . . .        r - +0 chain mail
rPois   .            (no helmet)
rElec   .            (cloak unavailable)
rCorr   .            (no gloves)
SInv    .            (no boots)
Will    .....        (no amulet) Stlth
                     w - +6 ring of strength
HPRegen 0.28/turn    (no ring)
MPRegen 0.10/turn

%: no passive effects
@: hasted, drained, very quick
A: claws 1, ignite blood 1, weakness stinger 3, talons 1
a: no special abilities


You were on level 5 of the Dungeon.
You visited 1 branch of the dungeon, and saw 5 of its levels.

You collected 204 gold pieces.

Inventory:

Hand Weapons
 a - a +0 trident (weapon)
Missiles
 g - 25 stones
 n - 12 boomerangs
 y - 10 poisoned darts (quivered)
 E - a throwing net
Armour
 b - a +0 scale mail
 c - a +0 buckler (worn)
 r - a +0 chain mail (worn)
 z - a scarf of invisibility
Jewellery
 w - a +6 ring of strength (left claw)
Wands
 s - a wand of flame (11)
Scrolls
 e - a scroll of noise {unknown}
 i - 3 scrolls of blinking {unknown}
 o - a scroll of summoning {unknown}
 q - 2 scrolls of revelation {unknown}
 t - 4 scrolls of identify {unknown}
 x - a scroll of teleportation {unknown}
 A - a scroll of immolation {unknown}
 C - 2 scrolls of enchant weapon {unknown}
Potions
 d - 2 potions of might
 f - a potion of curing {unknown}
 h - a potion of cancellation {unknown}
 j - 2 potions of magic {unknown}
 k - a potion of heal wounds {unknown}
 l - 2 potions of mutation
 m - 3 potions of haste
 p - a potion of attraction {unknown}
 u - a potion of berserk rage {unknown}
 v - 2 potions of ambrosia {unknown}
 B - a potion of enlightenment {unknown}
 D - a potion of experience {unknown}


   Skills:
 + Level 5.0 Fighting
 + Level 4.0 Polearms
 + Level 1.6 Throwing
 + Level 4.4 Armour
 - Level 4.0 Shields


You had 6 spell levels left.
You didn't know any spells.
Your spell library was empty.

Dungeon Overview and Level Annotations

Branches:
Dungeon (5/15)             Temple (0/1) D:4

Altars:
Ashenzari
Uskayaw


Innate Abilities, Weirdness & Mutations

You have sharp fingernails.
Your demonic aura sometimes causes spilled blood to erupt in flames.
You have a sharp stinger which inflicts weakening toxins.
You have sharp toenails.


Message History

You kill the hound!
The orc priest mumbles some strange prayers to Beogh against you.
Beogh smites you!
You are too injured to fight recklessly!
You are too injured to fight recklessly!
Unknown command.
You are too injured to fight recklessly!
You are too injured to fight recklessly!
The orc hits you with a +2 flail of draining.
You feel drained.
Things that are here:
a +0 falchion; a +0 robe You barely miss the orc.
The orc hits you with a +2 flail of draining.
You feel drained.
You closely miss the orc. The orc hits you but does no damage.
You feel drained.
You barely miss the orc. Your kick misses the orc.
Your tail-slap misses the orc.
You block the orc's attack. You block the ogre's attack. The orc misses you.
You closely miss the orc. You claw the orc. You tail-slap the orc.
You kill the orc!
The orc priest begins to cast a cantrip, but forgets the words!
Your Fighting skill increases to level 5!
The ogre attacks as it pursues you! The ogre barely misses you.
You hit the ogre. You tail-slap the ogre.
The ogre looks weaker.
The ogre is moderately wounded.
The ogre hits you but does no damage.
You hit the ogre but do no damage. You claw the ogre!
The ogre is severely wounded.
The orc priest invokes the aid of Beogh against you.
Beogh smites you!
* * * LOW HITPOINT WARNING * * *
The ogre hits you with a +0 giant spiked club.
* * * LOW HITPOINT WARNING * * *
It was a potion of haste.
You feel yourself speed up.
The ogre is no longer weakened.
The orc priest mumbles some strange prayers to Beogh against you.
Beogh smites you!
You die...

...............##
...............#
...............#
...............##
................#
................#
...............##
....>........################...
#..............@...O.o...))...(.
##........###############......
######..## ...... ##.## #.....
##.## ..... ##..# #.... ##..##
.... #####..## #... ..##..##


You could see an ogre and an orc priest.

Vanquished Creatures
  Grinder (D:3)
  A water moccasin (D:5)
  The ghost of JayJaygamer2134567 the Trooper, an amateur DsFi (D:3)
  2 hounds (D:5)
  An orc priest (D:4)
  3 orc wizards
  3 gnolls (D:4)
  4 adders
  2 dart slugs
  7 orcs
  4 ball pythons
  6 bats
  5 endoplasms
  A giant cockroach (D:1)
  5 hobgoblins
  2 jackals (D:1)
  7 goblins
  6 kobolds
  4 rats
65 creatures vanquished.

Notes
Turn   | Place    | Note
-------+----------+-------------------------------------------
     0 | D:1      | TheGamechu the Demonspawn Fighter began the quest for the
                  | Orb.
     0 | D:1      | Reached XP level 1. HP: 18/18 MP: 1/1
   129 | D:1      | Discovered your monstrous ancestry.
   129 | D:1      | Gained mutation: You have a small tail. [demonic ancestry]
   129 | D:1      | Reached XP level 2. HP: 20/24 MP: 2/2
   712 | D:2      | Gained mutation: You have a tail ending in a sharp stinger.
                  | [demonic ancestry]
   712 | D:2      | Reached XP level 3. HP: 29/29 MP: 3/3
   825 | D:2      | Found a broken altar of Ashenzari.
  1481 | D:3      | Reached XP level 4. HP: 15/36 MP: 4/4
  1665 | D:3      | Found a runed translucent door.
  1670 | D:3      | Noticed JayJaygamer2134567's ghost (amateur DsFi)
  1686 | D:3      | Found a faded altar of an unknown god.
  1868 | D:3      | Noticed Grinder
  1885 | D:3      | Gained mutation: You have sharp toenails. [potion of
                  | mutation]
  1888 | D:3      | Killed Grinder
  1889 | D:3      | Reached skill level 4 in Fighting
  1889 | D:3      | Gained mutation: Your demonic aura sometimes causes spilled
                  | blood to erupt in flames. [demonic ancestry]
  1889 | D:3      | Reached XP level 5. HP: 15/42 MP: 5/5
  1889 | D:3      | Gained mutation: You have sharp fingernails. [demonic
                  | ancestry]
  1889 | D:3      | Reached XP level 6. HP: 17/48 MP: 6/6
  2213 | D:3      | Killed JayJaygamer2134567's ghost
  2531 | D:4      | Found a hide-covered altar of Uskayaw.
  2647 | D:4      | Found a staircase to the Ecumenical Temple.
  2988 | D:5      | Entered Level 5 of the Dungeon
  2991 | D:5      | Reached skill level 1 in Throwing
  3049 | D:5      | Identified the +10 arbalest of Wesaopet {freeze, Fragile
                  | rC+ rCorr Str+3}
  3068 | D:5      | Noticed a water moccasin
  3087 | D:5      | Killed a water moccasin
  3088 | D:5      | Gained mutation: You have a sharp stinger which inflicts
                  | weakening toxins. [demonic ancestry]
  3088 | D:5      | Reached XP level 7. HP: 14/55 MP: 7/7
  3421 | D:5      | Reached skill level 5 in Fighting
  3433 | D:5      | Killed from afar by an orc priest

Illustrated notes

Levels and vault maps discovered:
D:1:      ebering_trefoil_twist, layout_loops_cross
D:2:      layout_loops_ring, serial_aquarium, aquarium_bridge_long_joined
          [aquarium_subvault_wall, aquarium_subvault_wall,
          aquarium_subvault_window, aquarium_subvault_wall,
          aquarium_subvault_bridge, aquarium_subvault_bridge],
          aquarium_bridge_square [aquarium_subvault_wall,
          aquarium_subvault_bridge, aquarium_subvault_bridge,
          aquarium_subvault_wall], aquarium_window_3, aquarium_window_2,
          aquarium_view_2b, aquarium_view_2d, aquarium_balcony_double_4,
          basic_altar, minmay_between
D:3:      layout_basic, shapermc_ecumenical_altar_flowoftime,
          ebering_ghost_reflecting_pool, uniq_grinder
D:4:      layout_gridville, eat_drink_and_be_merry_uskayaw,
          lemuel_temple_firewalk_b
D:5:      layout_cave_pods, mainiacjoe_overflow_alcove_4, serial_shops, shop,
          uniq_blork_the_orc

Skill      XL: |  1  2  3  4  5  6  7 |
---------------+----------------------+-----
Polearms       | 2 3 4 |  4.0
Shields        | 3 4 |  4.0
Armour         | 3 4 |  4.4
Fighting       | 4 5 |  5.0
Throwing       | 1 |  1.6

Action                     |  1- 3 |  4- 6 |  7- 9 || total
---------------------------+-------+-------+-------++-------
  Melee: Trident           |   110 |    88 |    14 ||   212
         Tailslap          |     7 |     4 |     2 ||    13
         Kick              |       |    16 |     5 ||    21
  Throw: Dart              |       |     3 |     2 ||     5
  Evoke: Wand              |       |     6 |       ||     6
    Use: Potion            |       |     1 |     1 ||     2
 Armour: Scale mail        |    57 |       |       ||    57
         Chain mail        |    14 |    45 |    10 ||    69
  Dodge: Dodged            |    23 |    20 |     5 ||    48
  Block: Buckler           |    11 |    13 |     3 ||    27

Table legend: (Time is in decaauts)
 A = Elapsed time spent in this place.
 B = Non-inter-level travel time spent in this place.
 C = Inter-level travel time spent in this place.
 D = Time resting spent in this place.
 E = Time spent auto-exploring this place.
 F = Levels seen in this place.
 G = Mean time per level.
                   A        B        C        D        E       F      G
               +--------+--------+--------+--------+--------+-----+--------+
         Total |   3471 |   3311 |    160 |    364 |   2437 |   5 |  694.2 |
       Dungeon |   3471 |   3311 |    160 |    364 |   2437 |   5 |  694.2 |
               +--------+--------+--------+--------+--------+-----+--------+

Top non-repeatable levels by time:
     D:3: 868 daAuts
     D:2: 740 daAuts
     D:4: 710 daAuts
     D:1: 705 daAuts
     D:5: 446 daAuts
